 Dungeon Crawl Stone Soup version 0.31.0-32-g396128a36d (webtiles) character file.

Game seed: 9901271820618319138

812399 FexLirch the Hoplite (level 27, -22/193 (264) HPs)
             Began as a Formicid Warper on Mar 13, 2024.
             Was the Champion of Cheibriados.
             Killed from afar by a Tzitzimitl (33 damage)
             ... with a bolt of negative energy
             ... summoned by Ereshkigal
             ... on level 7 of Tartarus on Mar 15, 2024.
             The game lasted 07:13:55 (70772 turns).

FexLirch the Hoplite (Formicid Warper)             Turns: 70772, Time: 07:13:56

HP:   -22/193 (264) AC: 41    Str: 37    XL:     27
MP:   37/37         EV: 22    Int: 45    God:    Cheibriados [******]
Gold: 8592          SH: 25    Dex: 23    Spells: 9/65 levels left

rFire   + . .        D - +8 trishula "Condemnation" {holy, anguish, *Noise Fly rN+}
rCold   + . .        a - +5 kite shield {AC+3}
rNeg    + . .        U - +2 gold dragon scales
rPois   +            (helmet unavailable)
rElec   .            u - +1 cloak of Gaest {+Inv Regen+ Str-3 Dex-3}
rCorr   .            k - +2 pair of gloves {Stlth+}
SInv    +            Q - +2 pair of boots
Will    +....        y - amulet of magic regeneration Stlth
                     C - ring "Fastyix" {Str+6 Int+6}
HPRegen 1.32/turn    B - ring of the Hare {EV+10}
MPRegen 0.65/turn

%: no passive effects
@: flying, studying 2 skills, silenced, very heavily drained, weak-willed, very
slow
A: permanent stasis, dig shafts and tunnels, antennae 3, four strong arms,
clumsy 1, low MP 2, poison resistance, robust 1, subdued magic 1
}: 6/15 runes: decaying, slimy, silver, obsidian, abyssal, gossamer
a: Dig, Shaft Self, Renounce Religion, Evoke Invisibility


You were on level 7 of Tartarus.
You worshipped Cheibriados.
Cheibriados was exalted by your worship.
You visited 16 branches of the dungeon, and saw 72 of its levels.
You visited the Abyss 1 time.
You also visited: Bailey, Gauntlet and Ice Cave.

You collected 12201 gold pieces.
You spent 3609 gold pieces at shops.

Inventory:

Hand Weapons
 q - the +13 sceptre of Asmodeus
   (You took it off Asmodeus on level 7 of Gehenna)

   Fire Summon: It may summon demons of flame and damnation when striking foes.
 D - the +8 trishula "Condemnation" (weapon) {holy, anguish, *Noise Fly rN+}
   (You found it in a Gauntlet)

   rN+:       It protects you from negative energy.
   Fly:       It grants you flight.
   *Noise:    It may make a loud noise when swung.
Missiles
 r - 6 silver javelins
 N - 3 throwing nets
Armour
 a - a +5 kite shield of protection (worn)
 k - a +2 pair of gloves of stealth (worn)
 s - +8 storm dragon scales
 u - the +1 cloak of Gaest (worn) {+Inv Regen+ Str-3 Dex-3}
   (You found it on level 5 of the Lair of Beasts)

   Str-3:     It affects your strength (-3).
   Dex-3:     It affects your dexterity (-3).
   +Inv:      It lets you turn invisible.
   Regen+:    It increases your rate of health regeneration.
 Q - a +2 pair of boots (worn)
 U - +2 gold dragon scales (worn)
Jewellery
 b - a ring of willpower
 e - the ring of Leaves {rPois rF+ Str+8 Int-3 SInv}
   (You found it on level 11 of the Dungeon)

   [ring of see invisible]

   Str+8:     It affects your strength (+8).
   Int-3:     It affects your intelligence (-3).
   rF+:       It protects you from fire.
   rPois:     It protects you from poison SInv: It lets you see invisible.
 g - the ring "Cilexet" {rElec rF+ Str-4 Int+9}
   (You found it on level 5 of the Pits of Slime)

   [ring of protection from fire]

   Str-4:     It affects your strength (-4).
   Int+9:     It affects your intelligence (+9).
   rF+:       It protects you from fire.
   rElec:     It insulates you from electricity.
 p - the ring "Heme" {rC+ Str+6 Slay+3}
   (You found it on level 1 of the Spider Nest)

   [ring of strength]

   Str+6:     It affects your strength (+6).
   Slay+3:    It affects your accuracy & damage with ranged weapons and melee
   (+3).
   rC+:       It protects you from cold.
 t - a ring of willpower
 w - the ring of Autumn {rElec rF+ SInv}
   (You found it on level 4 of the Vaults)

   [ring of see invisible]

   rF+:       It protects you from fire.
   rElec:     It insulates you from electricity.
   SInv:      It lets you see invisible.
 x - the ring of the Butterfly {rF+ EV+5 Dex+5}
   (You found it on level 4 of the Vaults)

   [ring of evasion]

   EV+5:      It affects your evasion (+5).
   Dex+5:     It affects your dexterity (+5).
   rF+:       It protects you from fire.
 y - an amulet of magic regeneration (around neck)
 B - the ring of the Hare (right hand) {EV+10}
   (You found it on level 7 of Tartarus)

   [ring of evasion]

   EV+10:     It affects your evasion (+10).
 C - the ring "Fastyix" (left hand) {Str+6 Int+6}
   (You bought it in a shop on level 2 of the Depths)

   [ring of strength]

   Str+6:     It affects your strength (+6).
   Int+6:     It affects your intelligence (+6).
 E - the amulet "Vuocwitz" {rF+ Regen+ Int+3}
   (You found it on level 5 of the Vaults)

   [amulet of regeneration]

   Int+3:     It affects your intelligence (+3).
   rF+:       It protects you from fire.
   Regen+:    It increases your rate of health regeneration.
 G - the macabre finger necklace {Finger+ rN+}
   (You found it on level 5 of the Pits of Slime)

   [amulet of nothing]

   Finger+:   It enables you to equip an extra ring.
   rN+:       It protects you from negative energy.
 I - the ring of Trepidation {rElec rCorr Dex+4}
   (You bought it in a shop on level 2 of the Depths)

   [ring of resist corrosion]

   Dex+4:     It affects your dexterity (+4).
   rElec:     It insulates you from electricity.
   rCorr:     It protects you from acid and corrosion.
 X - a ring of magical power
 Z - a +5 ring of evasion
Wands
 c - a wand of digging (29)
 n - a wand of iceblast (67)
 R - a wand of light (19)
Scrolls
 d - 9 scrolls of vulnerability
 m - 2 scrolls of summoning
 o - 5 scrolls of revelation
 z - 8 scrolls of immolation
 A - 8 scrolls of fog
 J - 5 scrolls of torment
 K - 3 scrolls of amnesia
 L - 6 scrolls of fear
 O - 3 scrolls of silence
 W - 7 scrolls of poison
Potions
 f - a potion of cancellation
 h - 3 potions of might
 j - 3 potions of resistance
 H - a potion of curing
 M - 9 potions of attraction
 P - 3 potions of invisibility
 S - 7 potions of lignification
 T - 9 potions of brilliance
 V - 2 potions of magic
 Y - 12 potions of enlightenment
Miscellaneous
 i - a phial of floods (inert)
 v - a sack of spiders
 F - a phantom mirror (inert)


   Skills:
 + Level 24.4 Fighting
 - Level 12.5 Maces & Flails
 - Level 19.2 Polearms
 - Level 1.0 Throwing
 + Level 24.4 Armour
 - Level 5.0 Dodging
 + Level 26.5 Shields
 * Level 19.5 Spellcasting
 - Level 5.0 Hexes
 - Level 14.4 Summonings
 * Level 23.3 Necromancy
 - Level 14.0 Translocations
 - Level 5.0 Earth Magic
 - Level 15.0 Invocations


You had 9 spell levels left.
You knew the following spells:

 Your Spells              Type           Power      Damage    Failure   Level
a - Lesser Beckoning      Tloc           100%       N/A       0%          2
b - Dispersal             Tloc           46%        N/A       1%          6
c - Manifold Assault      Tloc           92%        N/A       1%          4
d - Passage of Golubria   Tloc           92%        N/A       1%          4
e - Fugue of the Fallen   Necr           100%       N/A       0%          3
f - Sublimation of Blood  Necr           100%       N/A       0%          2
g - Haunt                 Necr/Summ      52%        N/A       1%          7
h - Death Channel         Necr           57%        N/A       0%          6
i - Martyr's Knell        Necr/Summ      100%       N/A       0%          4
k - Animate Armour        Summ/Erth      100%       N/A       1%          4
l - Summon Mana Viper     Hex/Summ       79%        N/A       1%          5
m - Infestation           Necr           57%        N/A       1%          8
n - Apportation           Tloc           100%       N/A       0%          1

Your spell library contained the following spells:

 Spells                   Type           Power      Damage    Failure   Level
 Kiss of Death            Conj/Necr      100%       2d13      0%          1
 Necrotise                Necr           100%       1d9       0%          1
 Summon Small Mammal      Summ           100%       N/A       0%          1
 Call Imp                 Summ           100%       N/A       0%          2
 Call Canine Familiar     Summ           93%        N/A       0%          3
 Gell's Gravitas          Tloc           92%        N/A       0%          3
 Teleport Other           Tloc           92%        N/A       0%          3
 Vampiric Draining        Necr           100%       2d13      0%          3
 Animate Dead             Necr           100%       N/A       0%          4
 Dispel Undead            Necr           100%       3d31      0%          4
 Curse of Agony           Necr           100%       N/A       0%          5
 Foxfire                  Conj/Fire      100%       2x1d9     1%          1
 Magic Dart               Conj           100%       1d8       1%          1
 Sandblast                Erth           100%       2d20      1%          1
 Shock                    Conj/Air       100%       1d9       1%          1
 Slow                     Hex            100%       N/A       1%          1
 Cigotuvi's Dreadful Rot  Necr/Alch/Air  100%       N/A       1%          2
 Jinxbite                 Hex            100%       N/A       1%          2
 Momentum Strike          Conj/Tloc      100%       3d10      1%          2
 Confusing Touch          Hex            62%        N/A       1%          3
 Dazzling Flash           Conj/Hex       100%       N/A       1%          3
 Passwall                 Erth           62%        N/A       1%          3
 Sigil of Binding         Hex            62%        N/A       1%          3
 Stone Arrow              Conj/Erth      100%       3d13      1%          3
 Summon Ice Beast         Ice/Summ       71%        N/A       1%          3
 Tukima's Dance           Hex            62%        N/A       1%          3
 Volatile Blastmotes      Fire/Tloc      100%       2d18      1%          3
 Anguish                  Hex/Necr       46%        N/A       1%          4
 Dimensional Bullseye     Hex/Tloc       39%        N/A       1%          4
 Iskenderun's Mystic Bla  Conj/Tloc      70%        2d14      1%          4
 Summon Blazeheart Golem  Fire/Summ      71%        N/A       1%          4
 Summon Lightning Spire   Summ/Air       71%        N/A       1%          4
 Borgnjor's Vile Clutch   Necr/Erth      46%        N/A       1%          5
 Summon Cactus Giant      Summ           46%        N/A       1%          6
 Mercury Vapours          Alch/Air       66%        N/A       2%          2
 Scorch                   Fire           66%        2d7       2%          2
 Searing Ray              Conj           66%        2d6       2%          2
 Static Discharge         Conj/Air       66%        3-6/arc   2%          2
 Cause Fear               Hex            31%        N/A       2%          4
 Monstrous Menagerie      Summ           46%        N/A       3%          7
 Malign Gateway           Summ/Tloc      46%        N/A       4%          7
 Mephitic Cloud           Conj/Alch/Air  33%        N/A       5%          3
 Ozocubu's Armour         Ice            33%        N/A       5%          3
 Brom's Barrelling Bould  Conj/Erth      50%        2d7       7%          4
 Petrify                  Alch/Erth      50%        N/A       7%          4
 Lee's Rapid Deconstruct  Erth           31%        3d16*     7%          5
 Death's Door             Necr           57%        N/A       13%         9
 Airstrike                Air            16%        2d(3-19)  19%         4
 Flame Wave               Conj/Fire      33%        2d10      19%         4
 Fulminant Prism          Conj/Alch      16%        3d10      19%         4
 Ignite Poison            Fire/Alch      33%        N/A       19%         4
 Olgreb's Toxic Radiance  Alch           33%        N/A       19%         4
 Sticky Flame             Fire/Alch      33%        2d7       19%         4
 Yara's Violent Unravell  Hex/Alch       25%        3d11      19%         5
 Alistair's Intoxication  Alch           22%        N/A       50%         5
 Arcjolt                  Conj/Air       16%        1d26      50%         5
 Fireball                 Conj/Fire      16%        3d8       50%         5
 Freezing Cloud           Conj/Ice/Air   16%        6-21      50%         5
 Irradiate                Conj/Alch      16%        3d17      50%         5
 Iskenderun's Battlesphe  Conj           33%        2d9       50%         5
 Spellforged Servitor     Conj/Summ      35%        N/A       65%         7
 Bombard                  Conj/Erth      25%        9d5       73%         6
 Enfeeble                 Hex            31%        N/A       92%         7
 Conjure Ball Lightning   Conj/Air       16%        3x3d6     97%         6
 Plasma Beam              Fire/Air       16%        2x1d28    97%         6
 Sculpt Simulacrum        Ice/Alch       16%        N/A       97%         6
 Starburst                Conj/Fire      16%        6d6       97%         6
 Orb of Destruction       Conj           16%        9d7       100%        7
 Ozocubu's Refrigeration  Ice            16%        4d11      100%        7
 Discord                  Hex            31%        N/A       100%        8
 Ignition                 Fire           16%        3d7       100%        8
 Lehudib's Crystal Spear  Conj/Erth      25%        10d7      100%        8
 Maxwell's Capacitive Co  Air            16%        ∞         100%        8
 Fire Storm               Conj/Fire      16%        8d4       100%        9
 Polar Vortex             Ice            16%        12d2*     100%        9
 Shatter                  Erth           31%        3d25*     100%        9
 Blink                    Tloc           Unusable   N/A       N/A         2
 Vhi's Electric Charge    Tloc/Air       Unusable   N/A       N/A         4
 Swiftness                Air            Unusable   N/A       N/A         3

Dungeon Overview and Level Annotations

Branches:
Dungeon (15/15)            Temple (1/1) D:6            Lair (5/5) D:11
  Swamp (4/4) Lair:3       Spider (4/4) Lair:2        Slime (5/5) Lair:4
    Orc (2/2) D:9             Elf (3/3) Orc:2        Vaults (5/5) D:13
  Crypt (3/3) Vaults:2       Tomb (1/3) Crypt:3      Depths (4/4) D:15
   Hell (visited)             Dis (0/7) Hell            Geh (7/7) Hell
    Coc (0/7) Hell            Tar (7/7) Hell            Zot (5/5) Depths:4
 Bailey (visited)           IceCv (visited)         Gauntlet (visited)

Altars:
Ashenzari
Cheibriados
Dithmenos
Elyvilon
Fedhas
Gozag
Hepliaklqana
Kikubaaqudgha
Makhleb
Nemelex Xobeh
Okawaru
Qazlal
Ru
Sif Muna
Trog
Uskayaw
Vehumet
Wu Jian
Xom
Yredelemnul
Zin
The Shining One
Ignis
Jiyva

Shops:
D:1 (   D:4 :   D:6 [   D:7 ?   D:12 [[   D:13 !   Orc:1 (   Orc:2 ?((:
Elf:2 (   Vaults:2 (   Depths:2 !=!   Depths:4 ?

Portals:
Hell: Depths:1 Depths:2 Depths:3 Depths:4
Abyss: Depths:1 Depths:2 Depths:3
Pandemonium: Depths:2
Ziggurat: Depths:1

Annotations:
D:2 1 runed translucent door, Crazy Yiuf
D:4 3 runed translucent doors, Consumeair16's ghost, amateur MiMo
Swamp:1 3 runed translucent doors, EntropyEnjoyer's ghost, journeyman OnHW
Slime:5 1 exclusion
Elf:2 3 runed translucent doors
Vaults:3 3 runed translucent doors
Vaults:4 exclusion: downstairs
Depths:1 2 transporters, Viocziel's ghost, adept TrMo
Tar:7 Ereshkigal
Zot:1 exclusion: door


Innate Abilities, Weirdness & Mutations

You cannot be hasted, slowed, berserked, paralysed or teleported.
You can dig through walls and to a lower floor.
You have a pair of large antennae on your head. (SInv)
Your four strong arms can wield two-handed weapons with a shield.
You are clumsy. (Dex -2)
Your magical capacity is very low. (-20% MP)
Your system is resistant to poisons. (rPois)
You are robust. (+10% HP)
Your spells are a little easier to cast, but a little less powerful.


Message History

The Tzitzimitl closely misses you. You block the Tzitzimitl's attack. x2
The Tzitzimitl bites you but does no damage.
You feel better. Ereshkigal misses you. You block the Tzitzimitl's attack. x2
You block Ereshkigal's attack.
The Tzitzimitl engulfs you but does no damage.
The Tzitzimitl bites you but does no damage.
You feel better. The Tzitzimitl completely misses you.
You block the Tzitzimitl's attack.
Ereshkigal gestures.
You block the Tzitzimitl's attack. The Tzitzimitl closely misses you.
You closely miss Ereshkigal.
Ereshkigal is moderately wounded.
The Tzitzimitl engulfs you.
* * * LOW HITPOINT WARNING * * *
You block the Tzitzimitl's attack.
Ereshkigal calls on the powers of darkness!
Your body is wracked with pain!
* * * LOW HITPOINT WARNING * * *
You puncture Ereshkigal!
Ereshkigal convulses!!
Ereshkigal is haunted by guilt!
Ereshkigal is heavily wounded.
The Tzitzimitl engulfs you but does no damage.
The Tzitzimitl completely misses you. Ereshkigal barely misses you.
You feel better.
The Tzitzimitl disappears in a puff of smoke!
You block the Tzitzimitl's attack. x2
Ereshkigal gestures.
The Tzitzimitl calls on the powers of darkness!
Your body is wracked with pain!
* * * LOW HITPOINT WARNING * * *
You feel better.
The Tzitzimitl calls on the powers of darkness!
Your body is wracked with pain!
* * * LOW HITPOINT WARNING * * *
Ereshkigal calls on the powers of darkness!
Your body is wracked with pain!
* * * LOW HITPOINT WARNING * * *
Ereshkigal is wracked by anguish!
The Tzitzimitl gestures at you. The bolt of negative energy hits you!!
You partially resist.
You feel drained.
You die...

.#..#.......... .......
.'..#............ .......
.'..#............ .......
.#..#..........# .....#
##†.#.........# .....# ....
#..#.........####....# #....
#..##.........##..1..# #....
#...##.........§&....# #....
##...##........@1....# #....
#...###.......1....# #....
####....'............## ##....
##"[##...'.............#####.....
.#..###''#'(###..................
.'...#...'....###................
.'...'...'......###.............#
.#...'...###......###.........###
##############......###.....###..


You could see Ereshkigal (silencing, unsilenced, anguished) and 3 Tzitzimimeh.

Vanquished Creatures
  Asmodeus (Geh:7)
  the Royal Jelly (Slime:5)
  Frederick (Crypt:1)
  5 dread liches
  5 ancient liches
  2 orbs of fire
  Mennas (Crypt:3)
  Sojobo (Crypt:1)
  Boris (Vaults:2)
  Saint Roka (Depths:2)
  A curse toe (Zot:1)
  4 golden dragons
  6 profane servitors
  Arachne (Spider:4)
  14 doom hounds
  27 bone dragons
  2 Brimstone Fiends (Geh:7)
  12 tentacled monstrosities
  2 electric golems
  Jorgrun (D:13)
  4 hellephants
  10 Tzitzimimeh
  A Hell Sentinel (Abyss:1)
  Zenata (Crypt:1)
  A walking earthen tome (Depths:2)
  A deep elf master archer (Elf:3)
  4 liches
  8 sphinxes
  9 tainted leviathans
  15 Orb Guardians (Zot:5)
  An Executioner (Abyss:1)
  4 searing wretches
  2 deep elf blademasters (Elf:3)
  2 titans (Vaults:5)
  6 quicksilver dragons
  9 death cobs
  Kirke (Lair:3)
  15 acid blobs
  8 shadow dragons
  10 storm dragons
  7 ancient champions
  4 tentacled starspawn (Abyss:1)
  A revenant (Hell)
  2 tengu reavers
  8 azure jellies
  A fenstrider witch (Swamp:3)
  Roxanne (Elf:3)
  6 draconian knights
  5 protean progenitors
  4 draconian monks
  8 frost giants
  12 rockslimes
  3 draconian shifters
  2 deep elf sorcerers
  9 fire giants
  14 vault wardens
  5 emperor scorpions
  An iron dragon (Zot:1)
  8 ghost moths
  2 spectral caustic shrikes
  15 balrugs
  3 deep elf elementalists (Elf:3)
  10 ghouls (Crypt:3)
  A spectral juggernaut (Tar:4)
  2 curse skulls (Crypt:3)
  3 draconian stormcallers
  2 draconian scorchers (Zot:2)
  9 quicksilver oozes
  6 draconian annihilators
  4 broodmothers
  18 ironbound preservers
  4 reapers
  A juggernaut skeleton (Crypt:3)
  21 very ugly things
  4 formless jellyfish
  The ghost of TombstoneGhost the Fighter, a journeyman MiBe of Trog (Lair:3)
  4 green draconians
  10 putrid mouths
  6 vampire knights
  4 deep elf demonologists (Elf:3)
  3 dire elephants
  5 ironbound thunderhulks
  12 stone giants
  5 black draconians
  5 deep elf annihilators
  2 eleionomae
  4 yellow draconians
  7 deep elf death magi
  4 war gargoyles
  A lorocyproca (Abyss:1)
  A minotaur (Gauntlet)
  5 purple draconians
  A wendigo (Hell)
  8 red draconians
  12 spark wasps
  6 white draconians
  8 bunyips
  17 eidola
  An acid blob zombie (Crypt:1)
  9 ettins
  14 yaktaur captains
  2 crystal guardians
  A blizzard demon (Depths:2)
  8 jiangshi
  A mummy priest (Tomb:1)
  2 spectral iron giants
  Josephine (D:15)
  A green death (Hell)
  2 spectral quicksilver dragons (Tar:4)
  4 deep elf high priests
  4 entropy weavers
  11 fire dragons
  2 merfolk impalers (Depths:1)
  6 great orbs of eyes
  4 peacekeepers
  4 spectral spriggans
  3 rakshasas
  30 vault guards
  5 salamander tyrants
  3 ogre magi
  Erolcha (Orc:2)
  A spectral fenstrider witch (Tar:1)
  A hell beast (Depths:2)
  9 ice dragons
  9 alligators
  3 spriggan air magi
  4 catoblepae
  10 hydras
  8 centaur warriors
  2 jorogumos
  12 boulder beetles
  A two-headed ogre (D:12)
  7 ironbound frosthearts
  13 dancing weapons
  An anaconda (Lair:2)
  2 radroaches (Spider:1)
  2 death knights
  4 stokers
  A deep troll shaman (Depths:2)
  6 demonic crawlers
  8 death scarabs (Tomb:1)
  8 tengu warriors
  4 deep troll earth magi
  A thrashing horror (Abyss:1)
  A vampire mage (Crypt:3)
  A sphinx skeleton (Crypt:3)
  4 death yaks
  A spectral naga (Tar:1)
  Urug (D:13)
  17 hell hogs
  2 spriggan berserkers (Depths:2)
  8 hell knights
  3 orc high priests
  2 occultists
  7 soul eaters
  9 deep elf knights
  3 sun demons (Hell)
  2 sixfirhies
  2 iron trolls
  9 pharaoh ants
  A storm dragon zombie (Vaults:3)
  20 skeletal warriors
  A skyshark (shapeshifter) (Depths:2)
  A skyshark (Lair:3)
  5 goliath frogs
  17 shadow wraiths
  6 spriggan druids
  3 spatial maelstroms (Abyss:3)
  14 orb spiders
  7 large abominations (Abyss:1)
  An orb spider (shapeshifter) (Vaults:5)
  4 sun moths
  7 glowing orange brains
  56 deep trolls
  A deep troll (shapeshifter) (Vaults:5)
  12 swamp dragons
  3 bog bodies
  13 phantasmal warriors
  5 deep elf archers
  5 harpies (Vaults:1)
  4 flayed ghosts
  11 ironbound convokers
  8 arcanists
  2 spectral hydras
  A mana viper (shapeshifter) (Vaults:5)
  2 orange crystal statues
  2 tengu zombies
  5 steelbarb worms
  6 lindwurms
  3 necromancers
  An alligator zombie (Crypt:1)
  7 orc sorcerers
  39 ugly things
  10 cyclopes
  8 shining eyes
  An iron dragon zombie (Abyss:1)
  A salamander (Depths:2)
  17 deep elf zephyrmancers
  3 orc knights
  A human zombie (Vaults:3)
  9 wolf spiders
  A spectral ettin (Tar:1)
  17 deep elf pyromancers
  6 will-o-the-wisps
  A worldbinder (Abyss:3)
  A stone giant zombie (Vaults:3)
  An iron dragon skeleton (Crypt:3)
  10 elephants
  7 manticores
  2 spectral centaurs (Tar:2)
  38 moths of wrath
  2 meliai
  17 vault sentinels
  An ice statue (IceCv)
  A rust devil (Hell)
  2 kobold blastminers (Orc:1)
  An alligator snapping turtle zombie (Crypt:1)
  12 torpor snails
  6 black mambas
  6 smoke demons
  A titan simulacrum (Abyss:1)
  A water nymph (shapeshifter) (Depths:3)
  A guardian serpent (Lair:5)
  A cane toad (shapeshifter) (Elf:3)
  13 cane toads
  9 molten gargoyles
  7 hellions
  2 eyes of devastation
  2 gargoyles
  5 unseen horrors
  A kobold demonologist (D:13)
  An orange demon (Abyss:1)
  30 yaktaurs
  7 freezing wraiths
  4 rime drakes
  2 efreet
  4 ancient zymes (Abyss:1)
  2 ice devils
  3 anaconda simulacra
  A catoblepas skeleton (Crypt:3)
  10 komodo dragons
  An alligator snapping turtle skeleton (Crypt:3)
  5 spectral harpies
  8 tengu conjurers
  2 silent spectres
  3 guardian mummies (Tomb:1)
  A hellwing (Abyss:1)
  9 tormentors
  4 trolls
  4 bloated husks (Swamp:3)
  A polar bear (Lair:2)
  13 tarantellas
  10 tyrant leeches
  A shadow dragon simulacrum (Hell)
  2 harpy skeletons (Crypt:3)
  23 hornets
  A glass eye (shapeshifter) (Depths:3)
  12 blink frogs
  A culicivora zombie (Crypt:1)
  11 raiju
  A stone giant simulacrum (Hell)
  A tarantella zombie (Crypt:3)
  3 glass eyes (Slime:5)
  A dream sheep (shapeshifter) (D:13)
  A centaur simulacrum (Crypt:1)
  31 jumping spiders
  18 culicivoras
  2 black mamba zombies
  12 water elementals
  3 air elementals
  An ettin skeleton (Abyss:1)
  10 wyverns
  A spriggan (shapeshifter) (D:15)
  72 slime creatures
  17 spriggans
  12 starcursed masses (Abyss:1)
  A wind drake zombie (Crypt:1)
  A ynoxinul (Abyss:1)
  A satyr skeleton (Crypt:2)
  39 yaks
  6 fire elementals
  3 basilisks
  A vampire (D:13)
  6 wraiths
  2 dire elephant simulacra (IceCv)
  A wind drake skeleton (Crypt:3)
  12 golden eyes
  2 neqoxecs (Abyss:1)
  3 wargs
  Eustachio (D:4)
  50 redbacks
  3 steam dragons
  A redback (shapeshifter) (Vaults:5)
  19 vampire mosquitoes
  4 death yak simulacra (IceCv)
  A chaos spawn (Abyss:2)
  A spatial vortex (Abyss:3)
  A glowing shapeshifter zombie (Vaults:3)
  3 acid dragons
  2 hell hounds
  A swamp worm (shapeshifter) (Vaults:5)
  13 swamp worms
  24 water moccasins
  A glowing shapeshifter skeleton (Crypt:2)
  A nameless horror (Tar:7)
  3 hydra simulacra
  A deep troll skeleton (Crypt:2)
  16 orc warriors
  An ettin simulacrum (Hell)
  11 swamp drakes
  4 laughing skulls
  2 sky beasts
  4 black bears
  12 ogres
  2 hog zombies
  A merfolk simulacrum (Hell)
  6 boggarts
  15 centaurs
  15 wolves
  3 phantoms
  Blork the orc (D:4)
  2 weeping skulls
  7 kobold brigands
  6 bullfrogs
  An earth elemental (Elf:2)
  An elf skeleton (Crypt:2)
  A necrophage (Crypt:3)
  4 two-headed ogre simulacra (IceCv)
  4 gnoll sergeants
  2 cane toad simulacra (IceCv)
  4 scorpions
  6 small abominations (Abyss:1)
  A cyclops skeleton (Crypt:2)
  3 elephant simulacra (IceCv)
  9 killer bees
  A killer bee (shapeshifter) (D:13)
  2 electric eels
  13 howler monkeys
  A spriggan skeleton (Crypt:2)
  5 hounds
  A centaur zombie (Crypt:3)
  11 orc priests
  2 bombardier beetles
  A jelly (D:8)
  2 gnoll boudas
  2 iron imps (Abyss:1)
  Jessica (D:2)
  A hell rat (Hell)
  A scorpion zombie (Crypt:1)
  5 iguanas
  27 orc wizards
  Terence (D:2)
  7 troll simulacra (IceCv)
  6 spriggan simulacra (IceCv)
  2 wolf simulacra (IceCv)
  A deep dwarf zombie (Crypt:2)
  An ice beast zombie (Crypt:3)
  31 gnolls
  3 adders
  A howler monkey skeleton (Crypt:1)
  12 naga simulacra
  6 shadow imps
  8 white imps
  4 ufetubi
  2 dart slugs
  3 ribbon worms (D:2)
  48 orcs
  9 ball pythons
  12 endoplasms
  3 giant cockroaches
  13 goblins
  5 hobgoblins
  4 jackals
  24 kobolds
  5 quokkas
  4 bats
  4 frilled lizards
  4 rats
  A river rat skeleton (Crypt:1)
  An aspiring flesh (Zot:4)
  6 creeping infernos
  8 fire vortices
  5 starspawn tentacles (Abyss:1)
2378 creatures vanquished.

Vanquished Creatures (collateral kills)
  A dread lich (Vaults:5)
  2 ancient liches
  3 orbs of fire
  9 juggernauts (Geh:5)
  2 Killer Klowns
  Bai Suzhen (Vaults:5)
  Geryon (Hell)
  A golden dragon (Zot:3)
  3 profane servitors
  7 bone dragons
  4 hellephants (Geh:7)
  An electric golem (Zot:5)
  5 Brimstone Fiends (Geh:7)
  3 Tzitzimimeh
  4 doom hounds
  A spectral shard shrike (Tar:5)
  2 tentacled monstrosities (Zot:1)
  A tainted leviathan (Tar:7)
  9 Orb Guardians (Zot:5)
  5 searing wretches
  6 titans
  A quicksilver dragon (Zot:5)
  5 sphinxes
  7 acid blobs
  2 death cobs
  2 shadow dragons
  A tengu reaver (Vaults:5)
  7 fire giants
  4 storm dragons
  3 protean progenitors
  7 draconian monks
  2 azure jellies (Slime:5)
  A draconian knight (Zot:4)
  4 rockslimes
  3 draconian shifters
  2 frost giants
  A vault warden (Vaults:5)
  A deep elf sorcerer (Elf:3)
  A ghost moth (Zot:1)
  3 balrugs
  A spectral caustic shrike (Tar:1)
  An iron dragon (Vaults:5)
  A reaper (Hell)
  An ironbound preserver (Vaults:5)
  3 very ugly things
  2 draconian annihilators
  A stone giant (Vaults:5)
  A formless jellyfish (Slime:2)
  2 quicksilver oozes (Slime:5)
  2 deep elf death magi (Elf:3)
  8 putrid mouths
  2 green draconians
  A yellow draconian (Zot:5)
  A black draconian (Zot:1)
  2 deep elf demonologists (Elf:3)
  2 spark wasps (Depths:4)
  5 red draconians
  3 purple draconians
  6 white draconians
  An ettin (Vaults:5)
  3 fire dragons
  2 eidola (Tar:7)
  A spectral golden dragon (Tar:3)
  A spriggan zombie (Hell)
  A yaktaur captain (Vaults:5)
  6 vault guards (Vaults:5)
  10 salamander tyrants
  A death scarab (Tomb:1)
  11 hell hogs
  A spriggan berserker (Depths:4)
  3 deep elf knights (Elf:3)
  2 sun demons (Hell)
  4 hell knights
  4 soul eaters (Hell)
  An anaconda zombie (Hell)
  2 fire crabs (Zot:3)
  3 spatial maelstroms (Abyss:3)
  A spectral bunyip (Tar:1)
  A spectral anaconda (Tar:1)
  A sun moth (shapeshifter) (Abyss:3)
  2 deep elf archers
  2 ironbound convokers (Vaults:5)
  A deep elf pyromancer (Elf:3)
  An ugly thing (Vaults:5)
  4 necromancers
  A spectral ettin (Tar:5)
  A deep elf zephyrmancer (Elf:3)
  A spectral centaur (Tar:1)
  A large abomination (Abyss:3)
  2 shining eyes (Zot:3)
  2 frost giant skeletons (Geh:5)
  3 moths of wrath (Zot:3)
  2 stone giant skeletons (Geh:5)
  A rust devil (Hell)
  7 molten gargoyles (Geh:7)
  3 vault sentinels (Vaults:5)
  A naga zombie (Hell)
  2 smoke demons (Hell)
  A hellion (Geh:7)
  A freezing wraith (Vaults:5)
  An anaconda simulacrum (Hell)
  An ice devil (Hell)
  2 guardian mummies (Tomb:1)
  A troll (Vaults:5)
  2 glass eyes
  A raiju (shapeshifter) (Elf:1)
  A harpy skeleton (Hell)
  A raiju (Abyss:1)
  22 slime creatures
  An air elemental (Elf:1)
  A fire dragon skeleton (Hell)
  5 golden eyes
  A harpy simulacrum (Hell)
  4 spatial vortices (Abyss:3)
  2 orc warriors
  A swamp dragon zombie (Hell)
  A black mamba simulacrum (Hell)
  2 kobold brigands (Bailey)
  A bullfrog (D:9)
  5 killer bees (D:9)
  2 orc wizards (D:9)
  3 hell rats (Hell)
  3 orcs (D:9)
  4 kobolds (Bailey)
  2 aspiring fleshes
  A creeping inferno (Geh:7)
343 creatures vanquished.

Vanquished Creatures (others)
  A dread lich (Vaults:5)
  5 orbs of fire
  A juggernaut (Geh:5)
  Vv (Depths:2)
  A Killer Klown (Zot:5)
  2 curse toes
  4 golden dragons
  Nikola (Elf:3)
  8 bone dragons
  5 Tzitzimimeh
  4 Brimstone Fiends (Geh:7)
  2 hellephants (Geh:7)
  A tentacled monstrosity (Zot:3)
  3 tainted leviathans
  A lich (Abyss:3)
  An Orb Guardian (Zot:5)
  2 quicksilver dragons
  2 titans (Geh:5)
  2 sphinxes
  4 tengu reavers
  2 death cobs
  Donald (Swamp:2)
  2 shadow dragons
  6 draconian monks
  4 frost giants
  4 draconian knights
  2 draconian scorchers (Zot:2)
  10 fire giants
  6 balrugs
  A vault warden (Vaults:3)
  A draconian shifter (Zot:1)
  A ghost moth (Spider:4)
  A deep elf elementalist (Elf:3)
  2 deep elf sorcerers (Elf:3)
  3 iron dragons
  A draconian stormcaller (Zot:5)
  5 draconian annihilators
  3 very ugly things
  A broodmother (Spider:3)
  2 stone giants
  An eleionoma (Swamp:2)
  A vampire knight (Depths:1)
  A spriggan defender (Depths:3)
  4 green draconians
  2 deep elf demonologists
  A putrid mouth (Tar:1)
  A black draconian (Depths:4)
  2 spark wasps
  2 white draconians
  2 deep elf annihilators (Elf:3)
  A war gargoyle (Vaults:4)
  2 yellow draconians (Zot:2)
  An eidolon (Tar:1)
  2 purple draconians
  5 red draconians
  2 ettins
  A blizzard demon (Hell)
  3 fire dragons
  An entropy weaver (Spider:3)
  A hydra (Swamp:4)
  A great orb of eyes (Slime:5)
  A vault guard (Vaults:5)
  3 salamander tyrants
  A spriggan air mage (Depths:2)
  An ironbound frostheart (Vaults:3)
  5 alligators
  2 centaur warriors
  A jorogumo (Spider:4)
  A thrashing horror (Abyss:3)
  A vampire mage (Crypt:2)
  A tengu warrior (Depths:1)
  2 deep troll earth magi
  A hell hog (Hell)
  2 sun demons (Hell)
  A spriggan berserker (Depths:2)
  6 hell knights
  A deep elf knight (Elf:2)
  A spriggan (Depths:3)
  A fire crab (Zot:3)
  4 deep trolls
  2 orb spiders (Spider:4)
  3 deep elf archers
  2 lindwurms
  A flayed ghost (Crypt:2)
  6 deep elf pyromancers
  An orc knight (Bailey)
  6 deep elf zephyrmancers
  2 orc sorcerers
  A moth of wrath (Zot:3)
  A cyclops (Orc:1)
  A black mamba (Lair:5)
  2 meliai (Spider:3)
  A smoke demon (Hell)
  A molten gargoyle (Geh:7)
  A torpor snail (Lair:5)
  A rime drake (Lair:2)
  A yaktaur (Vaults:4)
  An efreet (D:15)
  2 komodo dragons (Lair:3)
  3 tormentors
  A tengu conjurer (Depths:4)
  A hornet (Depths:3)
  A tarantella (Spider:2)
  A raiju (Abyss:1)
  2 jumping spiders
  A wyvern (Lair:4)
  2 humans (Lair:3)
  A redback (shapeshifter) (D:13)
  A fire elemental (Elf:1)
  4 redbacks
  3 swamp worms
  A swamp drake (Swamp:4)
  A water moccasin (Lair:5)
  A laughing skull (Crypt:1)
  An ogre (Orc:2)
  A bullfrog (Lair:2)
  2 orc wizards
  12 foxfires
  A lurking horror (Abyss:1)
  4 starspawn tentacles (Abyss:1)
263 creatures vanquished.

Grand Total: 2984 creatures vanquished

Notes
Turn   | Place    | Note
-------+----------+-------------------------------------------
     0 | D:1      | FexLirch the Formicid Warper began the quest for the Orb.
     0 | D:1      | Reached XP level 1. HP: 16/16 MP: 3/3
    76 | D:1      | Reached XP level 2. HP: 14/23 MP: 5/5
   224 | D:1      | Learned a level 2 spell: Lesser Beckoning
   439 | D:1      | Found Enalotos's Antique Weapon Shop.
   445 | D:1      | Reached XP level 3. HP: 28/28 MP: 6/6
  1021 | D:2      | Noticed Terence
  1110 | D:2      | Found a basalt altar of Yredelemnul.
  1484 | D:2      | Reached XP level 4. HP: 34/34 MP: 7/7
  1651 | D:2      | Noticed Jessica
  1675 | D:2      | Killed Jessica
  1789 | D:2      | Found a runed translucent door.
  1790 | D:2      | Noticed Crazy Yiuf
  2117 | D:2      | Killed Terence
  2118 | D:2      | Reached XP level 5. HP: 20/41 MP: 8/8
  2721 | D:4      | Found a runed translucent gate.
  2721 | D:4      | Noticed Consumeair16's ghost (amateur MiMo)
  2722 | D:4      | Found a runed translucent gate.
  2723 | D:4      | Found a runed translucent gate.
  2751 | D:4      | Found a broken altar of Ashenzari.
  2751 | D:4      | Noticed Eustachio
  2870 | D:4      | Killed Eustachio
  2871 | D:4      | Reached XP level 6. HP: 15/47 MP: 9/9
  3034 | D:4      | Noticed Blork the orc
  3045 | D:4      | Killed Blork the orc
  3046 | D:4      | Reached XP level 7. HP: 6/53 MP: 10/10
  3689 | D:3      | Identified the +5 scale mail of Discretion {-Tele Int+5}
  3759 | D:3      | Reached skill level 5 in Maces & Flails
  3774 | D:3      | Learned a level 3 spell: Teleport Other
  3779 | D:3      | Learned a level 4 spell: Manifold Assault
  4597 | D:4      | Found Ydat's Book Emporium.
  4756 | D:5      | Entered Level 5 of the Dungeon
  4852 | D:5      | Found a stormy altar of Qazlal.
  4862 | D:5      | Noticed a water moccasin
  4890 | D:5      | Killed a water moccasin
  4891 | D:5      | Reached XP level 8. HP: 59/61 MP: 11/11
  5265 | D:5      | Identified the +0 robe of the Good {Stlth+}
  5273 | D:5      | Identified the +1 short sword "Etiurchia" {freeze, rPois
                  | SInv Stlth+}
  5685 | D:5      | Reached skill level 5 in Fighting
  6048 | D:1      | Bought an iridescent morningstar for 225 gold pieces
  6048 | D:1      | Identified the +8 morningstar "Xunilaru" {drain, +Blink
                  | Str+3 Int+2} (You bought it in a shop on level 1 of the
                  | Dungeon)
  6442 | D:6      | Found Rebirucu's Antique Armour Boutique.
  6755 | D:6      | Reached XP level 9. HP: 68/68 MP: 12/12
  6812 | D:6      | Reached skill level 5 in Armour
  7023 | D:6      | Found a staircase to the Ecumenical Temple.
  7030 | Temple   | Entered the Ecumenical Temple
  7063 | Temple   | Became a worshipper of Cheibriados the Contemplative
  7524 | D:7      | Reached * piety under Cheibriados
  7892 | D:7      | Found a hide-covered altar of Uskayaw.
  7897 | D:7      | Found a white marble altar of Elyvilon.
  7992 | D:7      | Reached skill level 5 in Dodging
  8133 | D:7      | Found Doar's Magic Scroll Boutique.
  8156 | D:7      | Bought a scroll of fear for 44 gold pieces
  8362 | D:7      | Reached ** piety under Cheibriados
  8475 | D:8      | Reached XP level 10. HP: 70/77 MP: 3/13
  9454 | D:8      | Reached skill level 5 in Translocations
  9735 | D:9      | Reached *** piety under Cheibriados
  9880 | D:9      | Found a flagged portal.
  9907 | Bailey   | Entered a bailey
  9928 | Bailey   | Noticed an orc knight
  9940 | Bailey   | Reached **** piety under Cheibriados
  9942 | Bailey   | Reached skill level 1 in Invocations
 10127 | Bailey   | Found a burning altar of Makhleb.
 10573 | D:9      | Found a staircase to the Orcish Mines.
 10583 | D:9      | Reached XP level 11. HP: 84/84 MP: 9/14
 10842 | D:9      | Reached skill level 10 in Maces & Flails
 10954 | D:9      | Identified the +2 trident "Spider's Death Toll" {antimagic,
                  | Str+3 Stlth+}
 11441 | D:10     | Entered Level 10 of the Dungeon
 11744 | D:10     | Noticed a boulder beetle
 11753 | D:10     | Killed a boulder beetle
 12358 | D:10     | Reached ***** piety under Cheibriados
 12755 | D:11     | Noticed a cyclops
 12759 | D:11     | Killed a cyclops
 12779 | D:11     | Identified the ring of Leaves {rPois rF+ Str+8 Int-3 SInv}
 12886 | D:11     | Found a staircase to the Lair.
 13368 | D:6      | Bought a glowing kite shield for 217 gold pieces
 13460 | D:12     | Noticed a manticore
 13465 | D:12     | Killed a manticore
 13466 | D:12     | Reached skill level 5 in Invocations
 13466 | D:12     | Reached XP level 12. HP: 72/94 MP: 15/15
 13542 | D:12     | Reached skill level 1 in Shields
 13662 | D:12     | Identified the +2 quarterstaff "Trog's Righteous Anger"
                  | {spect, Str+2 Int+4}
 13676 | D:12     | Reached skill level 2 in Shields
 13677 | D:12     | Noticed a catoblepas
 13677 | D:12     | Noticed a catoblepas
 13730 | D:12     | Killed a catoblepas
 14003 | D:12     | Found Maekeoni's Armour Shoppe.
 14050 | D:12     | Reached skill level 3 in Shields
 14305 | D:12     | Found Itunny's Armour Boutique.
 14312 | D:12     | Bought a +1 pair of boots for 184 gold pieces
 14472 | D:12     | Noticed a two-headed ogre
 14478 | D:12     | Killed a two-headed ogre
 14765 | Lair:1   | Entered Level 1 of the Lair of Beasts
 14783 | Lair:1   | Reached skill level 4 in Shields
 14919 | Lair:1   | Found a gate leading to a gauntlet.
 14939 | Gauntlet | Entered a Gauntlet
 14939 | Gauntlet | Noticed a soul eater
 14939 | Gauntlet | Found a transporter.
 14942 | Gauntlet | Found a transporter.
 14956 | Gauntlet | Found a transporter.
 14958 | Gauntlet | Noticed a sixfirhy
 14970 | Gauntlet | Found a transporter.
 14972 | Gauntlet | Found a transporter.
 14985 | Gauntlet | Found a transporter.
 15000 | Gauntlet | Noticed a glowing orange brain
 15001 | Gauntlet | Found a transporter.
 15010 | Gauntlet | Found a runed translucent gate.
 15011 | Gauntlet | Found a transporter.
 15011 | Gauntlet | Found a runed translucent gate.
 15012 | Gauntlet | Found a runed translucent gate.
 15016 | Gauntlet | Found a transporter.
 15016 | Gauntlet | Found a transporter.
 15025 | Gauntlet | Found a transporter.
 15029 | Gauntlet | Noticed a catoblepas
 15045 | Gauntlet | Noticed a ghost crab
 15048 | Gauntlet | Found a transporter.
 15062 | Gauntlet | Found a transporter.
 15073 | Gauntlet | Found a transporter.
 15106 | Gauntlet | Killed a soul eater
 15115 | Gauntlet | Identified the +1 hat of the Lion {rF+ Str+4}
 15139 | Gauntlet | Killed a sixfirhy
 15140 | Gauntlet | Reached XP level 13. HP: 102/102 MP: 17/17
 15168 | Gauntlet | Identified the ring of Xom's Full Attention {^Drain +Blink
                  | Int+6 SInv}
 15170 | Gauntlet | Identified the +5 scimitar "Beetle's Death Toll" {spect,
                  | rElec rC+++ rCorr Stlth-}
 15226 | Gauntlet | Noticed a minotaur
 15265 | Gauntlet | Killed a minotaur
 15266 | Gauntlet | Found the +8 trishula "Condemnation" {holy, anguish, *Noise
                  | Fly rN+}
 15274 | Gauntlet | Identified the +1 scale mail "Torok" {-Cast +Inv rElec}
 15425 | Lair:1   | Reached skill level 5 in Shields
 15427 | Lair:1   | Reached skill level 1 in Polearms
 15941 | Lair:2   | Reached skill level 10 in Fighting
 15991 | Lair:2   | Found a hole to the Spider Nest.
 16088 | Lair:2   | Noticed a dire elephant
 16095 | Lair:2   | Reached skill level 10 in Armour
 16119 | Lair:2   | Killed a dire elephant
 16145 | Lair:2   | Noticed an anaconda
 16145 | Lair:2   | Noticed a dire elephant
 16148 | Lair:2   | Reached skill level 6 in Shields
 16160 | Lair:2   | Killed a dire elephant
 16176 | Lair:2   | Killed an anaconda
 17056 | Lair:3   | Reached skill level 5 in Polearms
 17059 | Lair:3   | Reached XP level 14. HP: 97/111 MP: 14/20
 17069 | Lair:3   | Reached skill level 7 in Shields
 17098 | Lair:3   | Found a frozen archway.
 17099 | Lair:3   | Noticed Kirke
 17187 | Lair:3   | Killed Kirke
 17231 | IceCv    | Entered an ice cave
 17706 | IceCv    | Noticed a reaper
 17714 | IceCv    | Killed a reaper
 17957 | Lair:3   | Found a runed translucent door.
 17963 | Lair:3   | Noticed TombstoneGhost's ghost (journeyman MiBe)
 18019 | Lair:3   | Reached skill level 8 in Shields
 18050 | Lair:3   | Killed TombstoneGhost's ghost
 18128 | Lair:3   | Found a staircase to the Swamp.
 18769 | Lair:4   | Found a viscous altar of Jiyva.
 18769 | Lair:4   | Found a staircase to the Slime Pits.
 19388 | Lair:5   | Entered Level 5 of the Lair of Beasts
 19689 | Lair:5   | Reached ****** piety under Cheibriados
 19774 | Lair:5   | Reached XP level 15. HP: 119/119 MP: 20/22
 19783 | Lair:5   | Found a sparkling altar of Nemelex Xobeh.
 19783 | Lair:5   | Identified the +1 cloak of Gaest {+Inv Regen+ Str-3 Dex-3}
 19908 | Lair:5   | Reached skill level 9 in Shields
 20136 | Lair:5   | Identified the +5 chain mail of the Hidden Vale {Harm rF+
                  | rC- Int+3}
 20296 | Lair:5   | Reached skill level 10 in Invocations
 20762 | Lair:5   | Identified a scroll of acquirement
 20763 | Lair:5   | Acquired 466 gold pieces
 20770 | Lair:5   | Learned a level 4 spell: Passage of Golubria
 20955 | Orc:1    | Entered Level 1 of the Orcish Mines
 21062 | Orc:1    | Found Xuupnamn's Firing Range.
 21611 | Orc:2    | Entered Level 2 of the Orcish Mines
 21769 | Orc:2    | Found a staircase to the Elven Halls.
 21946 | Orc:2    | Found an iron altar of Okawaru.
 22244 | Orc:2    | Reached skill level 10 in Shields
 22288 | Orc:2    | Found Moink's Book Boutique.
 22311 | Orc:2    | Found a radiant altar of Vehumet.
 22311 | Orc:2    | Noticed Erolcha
 22318 | Orc:2    | Killed Erolcha
 22356 | Orc:2    | Found Kycic's Antique Weapon Shop.
 22381 | Orc:2    | Reached skill level 10 in Translocations
 22410 | Orc:2    | Found an ancient bone altar of Kikubaaqudgha.
 22456 | Orc:2    | Found Tumi's Magic Scroll Boutique.
 22468 | Orc:2    | Found Mukk's Antique Weapon Boutique.
 22514 | Orc:2    | Bought a book of Battle for 286 gold pieces
 22518 | Orc:2    | Learned a level 3 spell: Fugue of the Fallen
 22730 | Swamp:1  | Entered Level 1 of the Swamp
 22812 | Swamp:1  | Reached XP level 16. HP: 129/129 MP: 23/23
 23160 | Swamp:1  | Reached skill level 10 in Polearms
 23337 | Swamp:1  | Found a runed translucent gate.
 23337 | Swamp:1  | Found a runed translucent gate.
 23338 | Swamp:1  | Found a runed translucent gate.
 23340 | Swamp:1  | Noticed EntropyEnjoyer's ghost (journeyman OnHW)
 23496 | Swamp:2  | Noticed Donald
 23512 | Swamp:2  | Killed Donald
 24118 | Swamp:3  | Reached skill level 11 in Shields
 24200 | Swamp:3  | Noticed a fenstrider witch
 24211 | Swamp:3  | Killed a fenstrider witch
 24447 | Swamp:3  | Identified the blade talisman of Omission {rC+ Will- SInv}
 24811 | Swamp:3  | Got Sif Muna's Textbook on Glacial Kinetic Energy
 24902 | Swamp:4  | Entered Level 4 of the Swamp
 25147 | Swamp:4  | Reached XP level 17. HP: 136/136 MP: 18/25
 25434 | Swamp:4  | Reached skill level 12 in Shields
 25477 | Swamp:4  | Got a decaying rune of Zot
 26047 | Spider:1 | Entered Level 1 of the Spider Nest
 26460 | Spider:1 | Found a transporter.
 26802 | Spider:1 | Found a transporter.
 27112 | Spider:2 | Identified the +1 robe of the Good {rPois}
 27276 | Spider:2 | Acquired 1018 gold pieces
 27869 | Spider:3 | Reached XP level 18. HP: 145/145 MP: 22/27
 27953 | Spider:3 | Learned a level 2 spell: Sublimation of Blood
 28549 | Spider:3 | Reached skill level 1 in Necromancy
 28905 | Spider:4 | Entered Level 4 of the Spider Nest
 29133 | Spider:4 | Noticed Arachne
 29141 | Spider:4 | Reached skill level 13 in Shields
 30253 | Spider:4 | Killed Arachne
 30436 | Spider:4 | Got a gossamer rune of Zot
 30956 | D:13     | Noticed Jorgrun
 30968 | D:13     | Killed Jorgrun
 31074 | D:13     | Noticed Urug
 31082 | D:13     | Killed Urug
 31154 | D:13     | Reached XP level 19. HP: 153/153 MP: 29/29
 31293 | D:13     | Found Xocleilouj's Distillery.
 31297 | D:13     | Bought a potion of brilliance for 72 gold pieces
 31297 | D:13     | Bought a potion of brilliance for 72 gold pieces
 31297 | D:13     | Bought a potion of enlightenment for 90 gold pieces
 31461 | D:13     | Found a gate to the Vaults.
 31557 | D:13     | Found a white marble altar of Elyvilon.
 32485 | D:15     | Entered Level 15 of the Dungeon
 32667 | D:15     | Noticed Josephine
 32673 | D:15     | Killed Josephine
 32703 | D:15     | Reached skill level 14 in Shields
 32705 | D:15     | Found a staircase to the Depths.
 32840 | D:15     | Found a radiant altar of Vehumet.
 33330 | Depths:1 | Entered Level 1 of the Depths
 33534 | Depths:1 | Reached skill level 15 in Fighting
 33567 | Depths:1 | Found a one-way gate to the infinite horrors of the Abyss.
 33654 | Depths:1 | Reached skill level 5 in Necromancy
 33742 | Depths:1 | Reached skill level 15 in Armour
 33774 | Depths:1 | Found a one-way gateway to a ziggurat.
 33779 | Depths:1 | Found a gateway to Hell.
 33933 | Depths:1 | Noticed Viocziel's ghost (adept TrMo)
 33934 | Depths:1 | Found a transporter.
 33934 | Depths:1 | Noticed a caustic shrike
 33935 | Depths:1 | Noticed a caustic shrike
 33937 | Depths:1 | Noticed a golden dragon
 34041 | Depths:1 | Found a transporter.
 34128 | Depths:1 | Reached XP level 20. HP: 162/162 MP: 25/30
 34590 | Depths:2 | Reached skill level 15 in Polearms
 34634 | Depths:2 | Found Irofips's Distillery.
 34645 | Depths:2 | Found Acemn's Jewellery Boutique.
 34647 | Depths:2 | Found Samnaidelu's Distillery.
 34659 | Depths:2 | Bought the ring "Fastyix" {Str+6 Int+6} for 945 gold pieces
 34659 | Depths:2 | Bought the ring of Trepidation {rElec rCorr Dex+4} for 720
                  | gold pieces
 34661 | Depths:2 | Bought a potion of heal wounds for 100 gold pieces
 34661 | Depths:2 | Bought a potion of curing for 60 gold pieces
 34661 | Depths:2 | Bought a potion of curing for 60 gold pieces
 34661 | Depths:2 | Bought a potion of brilliance for 80 gold pieces
 34661 | Depths:2 | Bought a potion of might for 80 gold pieces
 34778 | Depths:2 | Found a one-way gate leading to the halls of Pandemonium.
 34889 | Depths:2 | Noticed Saint Roka
 34905 | Depths:2 | Killed Saint Roka
 34931 | Depths:2 | Found a runed translucent door.
 35052 | Depths:2 | Noticed Vv
 35246 | Vaults:1 | Entered Level 1 of the Vaults
 35280 | Vaults:1 | Reached skill level 15 in Shields
 37079 | Vaults:2 | Reached XP level 21. HP: 167/170 MP: 8/32
 37516 | Vaults:2 | Reached skill level 15 in Invocations
 37575 | Vaults:2 | Found Ungos's Weapon Shoppe.
 37693 | Vaults:2 | Noticed Boris
 37761 | Vaults:2 | Killed Boris
 38259 | Vaults:2 | Found a staircase to the Crypt.
 38259 | Vaults:2 | Found an ancient bone altar of Kikubaaqudgha.
 38260 | Vaults:2 | Found a basalt altar of Yredelemnul.
 38550 | Vaults:3 | Reached skill level 5 in Spellcasting
 38555 | Vaults:3 | Reached skill level 16 in Shields
 38600 | Vaults:3 | Found a runed translucent gate.
 38600 | Vaults:3 | Found a runed translucent gate.
 38601 | Vaults:3 | Found a runed translucent gate.
 39609 | Vaults:3 | Reached XP level 22. HP: 179/179 MP: 33/33
 41081 | Vaults:4 | Found a transporter.
 41124 | Vaults:4 | Found a transporter.
 41240 | Vaults:4 | Identified the +0 pair of gloves of the True Pharaoh {+Inv
                  | rF- Int+2}
 41243 | Vaults:4 | Identified the ring of Autumn {rElec rF+ SInv}
 41259 | Vaults:4 | Identified the ring of the Butterfly {rF+ EV+5 Dex+5}
 41400 | Crypt:1  | Entered Level 1 of the Crypt
 41463 | Crypt:1  | Learned a level 4 spell: Dispel Undead
 41470 | Crypt:1  | Learned a level 6 spell: Death Channel
 41475 | Crypt:1  | Learned a level 4 spell: Martyr's Knell
 41582 | Crypt:1  | Noticed Zenata
 41604 | Crypt:1  | Killed Zenata
 41612 | Crypt:1  | Identified the orb of the Cockatrice {light, rCorr Str-5
                  | Necro Tloc}
 41612 | Crypt:1  | Noticed Frederick
 41639 | Crypt:1  | Killed Frederick
 41640 | Crypt:1  | Reached skill level 17 in Shields
 41971 | Crypt:1  | Noticed Sojobo
 41989 | Crypt:1  | Killed Sojobo
 42340 | Crypt:2  | Reached skill level 10 in Necromancy
 42433 | Crypt:2  | Reached XP level 23. HP: 187/187 MP: 34/34
 42911 | Crypt:3  | Entered Level 3 of the Crypt
 43182 | Crypt:3  | Identified the +1 trident "Eridum" {freeze, rF+ Int+3}
 43273 | Crypt:3  | Found the crystal ball of Wucad Mu {*channel}
 43323 | Crypt:3  | Noticed Mennas
 43733 | Crypt:3  | Found a staircase to the Tomb.
 43804 | Crypt:3  | Killed Mennas
 43992 | Crypt:3  | Reached skill level 1 in Summonings
 44016 | Crypt:3  | Noticed a dread lich
 44023 | Crypt:3  | Killed a dread lich
 44100 | Crypt:3  | Got Elosit's Parchment of Skeletons
 44438 | Orc:2    | Bought a book of Necromancy for 374 gold pieces
 44444 | Orc:2    | Learned a level 5 spell: Curse of Agony
 44763 | Depths:2 | Killed Vv
 45314 | Depths:2 | Found a runed translucent door.
 45410 | Depths:2 | Reached skill level 18 in Shields
 45411 | Depths:2 | Reached XP level 24. HP: 193/196 MP: 4/35
 45675 | Depths:3 | Noticed a golden dragon
 45795 | Depths:2 | Reached skill level 1 in Earth Magic
 46103 | Depths:3 | Noticed a golden dragon
 46108 | Depths:3 | Reached skill level 5 in Summonings
 46109 | Depths:3 | Killed a golden dragon
 46611 | Depths:3 | Identified the staff of Cefycef {rPois Str+2 Alchemy}
 47387 | Depths:4 | Entered Level 4 of the Depths
 47876 | Depths:4 | Found Dyssas's Magic Scroll Shop.
 48169 | Depths:4 | Found a gate to the Realm of Zot.
 48589 | Elf:1    | Entered Level 1 of the Elven Halls
 48635 | Elf:1    | Reached XP level 25. HP: 171/204 MP: 15/36
 48649 | Elf:1    | Found a shimmering blue altar of Sif Muna.
 48666 | Elf:1    | Reached skill level 5 in Earth Magic
 49351 | Elf:2    | Identified the +2 cloak of the Indestructible God {Str+2}
 49431 | Elf:2    | Reached skill level 19 in Shields
 49545 | Elf:2    | Found a runed translucent gate.
 49545 | Elf:2    | Found a runed translucent gate.
 49548 | Elf:2    | Found a runed translucent gate.
 49608 | Elf:2    | Reached skill level 10 in Spellcasting
 49614 | Elf:2    | Found Hitez's Weapon Emporium.
 49889 | Elf:3    | Entered Level 3 of the Elven Halls
 50045 | Elf:3    | Noticed Roxanne
 50065 | Elf:3    | Killed Roxanne
 50265 | Elf:3    | Learned a level 4 spell: Animate Armour
 50355 | Elf:3    | Noticed Nikola
 50363 | Elf:3    | Killed Nikola
 50772 | Elf:3    | Identified the +5 ring mail of Precision Catastrophes
                  | {rPois Will+}
 50846 | Elf:3    | Identified the +8 long sword of Cruel Justice {speed,
                  | rPois}
 50846 | Elf:3    | Identified the ring "Pumpym" {Ice rPois Int-4 Dex+6 Slay-2}
 50865 | Elf:3    | Identified the staff of the Wraith {+Blink rC+ Will+ Ice}
 50969 | Elf:3    | Got the Tome of the Boiling Point
 51005 | Elf:3    | Identified the +3 orcbow of Non Obstante Veredicto {freeze,
                  | rPois Will++ Str+4}
 51369 | Slime:1  | Entered Level 1 of the Pits of Slime
 51603 | Slime:2  | Gained mutation: You are weak. (Str -2) [a shining eye]
 51604 | Slime:2  | Gained mutation: You occasionally lose the ability to read
                  | scrolls when taking damage. [a shining eye]
 51606 | Slime:2  | Gained mutation: You do not regenerate when monsters are
                  | visible. [a shining eye]
 51614 | Slime:2  | Lost mutation: You are weak. (Str -2) [potion of mutation]
 51614 | Slime:2  | Lost mutation: You occasionally lose the ability to read
                  | scrolls when taking damage. [potion of mutation]
 51614 | Slime:2  | Gained mutation: You have sharp toenails. [potion of
                  | mutation]
 51614 | Slime:2  | Gained mutation: Your flesh is heat resistant. (rF+)
                  | [potion of mutation]
 51614 | Slime:2  | Gained mutation: Your muscles are strong. (Str +4, Int/Dex
                  | -1) [potion of mutation]
 51615 | Slime:2  | Lost mutation: You have sharp toenails. [potion of
                  | mutation]
 51615 | Slime:2  | Lost mutation: Your muscles are strong. (Str +4, Int/Dex
                  | -1) [potion of mutation]
 51615 | Slime:2  | Gained mutation: You are vulnerable to cold. (rC-) [potion
                  | of mutation]
 51615 | Slime:2  | Gained mutation: You are partially covered in large bone
                  | plates. (SH +4) [potion of mutation]
 51616 | Slime:2  | Lost mutation: Your flesh is heat resistant. (rF+) [potion
                  | of mutation]
 51616 | Slime:2  | Lost mutation: You are vulnerable to cold. (rC-) [potion of
                  | mutation]
 51616 | Slime:2  | Gained mutation: You possess an exceptional clarity of
                  | mind. [potion of mutation]
 51616 | Slime:2  | Gained mutation: Your magical capacity is low. (-10% MP)
                  | [potion of mutation]
 51616 | Slime:2  | Gained mutation: You are robust. (+10% HP) [potion of
                  | mutation]
 51617 | Slime:2  | Lost mutation: You possess an exceptional clarity of mind.
                  | [potion of mutation]
 51617 | Slime:2  | Lost mutation: Your magical capacity is low. (-10% MP)
                  | [potion of mutation]
 51617 | Slime:2  | Lost mutation: You do not regenerate when monsters are
                  | visible. [potion of mutation]
 51617 | Slime:2  | Gained mutation: Your spells are a little easier to cast,
                  | but a little less powerful. [potion of mutation]
 51617 | Slime:2  | Gained mutation: You have large cloven feet. [potion of
                  | mutation]
 52005 | Slime:3  | Reached XP level 26. HP: 211/234 MP: 6/37
 52011 | Slime:3  | Reached skill level 10 in Summonings
 52373 | Slime:5  | Entered Level 5 of the Pits of Slime
 52572 | Spider:1 | Identified the ring "Heme" {rC+ Str+6 Slay+3}
 52613 | Spider:1 | Learned a level 5 spell: Summon Mana Viper
 53008 | Slime:5  | Reached skill level 1 in Hexes
 53059 | Slime:5  | Gained mutation: Your body sometimes deteriorates upon
                  | taking damage. [a shining eye]
 53095 | Slime:5  | Gained mutation: You are vulnerable to cold. (rC-) [a
                  | shining eye]
 53096 | Slime:5  | Gained mutation: You occasionally lose the ability to read
                  | scrolls when taking damage. [a shining eye]
 53122 | Slime:4  | Lost mutation: Your body sometimes deteriorates upon taking
                  | damage. [potion of mutation]
 53122 | Slime:4  | Lost mutation: You occasionally lose the ability to read
                  | scrolls when taking damage. [potion of mutation]
 53122 | Slime:4  | Gained mutation: You are very robust. (+20% HP) [potion of
                  | mutation]
 53122 | Slime:4  | Gained mutation: You have hoof-like feet. [potion of
                  | mutation]
 53123 | Slime:4  | Lost mutation: You are vulnerable to cold. (rC-) [potion of
                  | mutation]
 53123 | Slime:4  | Lost mutation: You have hoof-like feet. [potion of
                  | mutation]
 53123 | Slime:4  | Gained mutation: You are weak. (Str -2) [potion of
                  | mutation]
 53123 | Slime:4  | Gained mutation: You expend magic power (3 MP) to
                  | strengthen your wands. [potion of mutation]
 53435 | Slime:5  | Found a viscous altar of Jiyva.
 53446 | Slime:5  | Noticed the Royal Jelly
 53523 | Slime:5  | Killed the Royal Jelly
 53524 | Slime:5  | Reached skill level 20 in Shields
 53540 | Slime:5  | Got a slimy rune of Zot
 53543 | Slime:5  | Found the macabre finger necklace {Finger+ rN+}
 53579 | Slime:5  | Got Dispater's Anthology of Conjuration
 53580 | Slime:5  | Identified the +1 plate armour of the Old World {Rampage}
 53598 | Slime:5  | Identified the +7 shortbow "Qivicsur" {freeze, rPois rF-
                  | Str+2 Dex+4}
 53627 | Slime:5  | Identified the ring "Cilexet" {rElec rF+ Str-4 Int+9}
 53660 | Slime:5  | Identified the +5 arbalest "Demon's Foe" {drain, rPois
                  | rCorr Str+3 Int-2}
 53665 | Slime:5  | Identified the staff "Caraino" {rPois rF- Str+4 Alchemy}
 53677 | Slime:5  | Identified the amulet "Pixtiap" {Regen+ Str+6}
 54067 | Tomb:1   | Entered Level 1 of the Tomb of the Ancients
 54148 | Tomb:1   | Identified the +1 leather armour of Uricuc {rElec Int+4}
 54881 | Zot:1    | Entered Level 1 of the Realm of Zot
 55692 | Zot:1    | Reached XP level 27. HP: 232/266 MP: 3/38
 55822 | Zot:1    | Noticed an orb of fire
 55835 | Zot:1    | Killed an orb of fire
 55836 | Zot:1    | Reached skill level 5 in Hexes
 55901 | Zot:2    | Noticed a Killer Klown
 56594 | Zot:2    | Killed a Killer Klown
 57435 | Zot:3    | Noticed an orb of fire
 57440 | Zot:3    | Killed an orb of fire
 57449 | Zot:3    | Reached skill level 21 in Shields
 57995 | Zot:3    | Noticed an orb of fire
 57997 | Zot:3    | Killed an orb of fire
 58010 | Zot:3    | Noticed an orb of fire
 58013 | Zot:3    | Killed an orb of fire
 58039 | Zot:3    | Reached skill level 15 in Necromancy
 58493 | Zot:3    | Found a candlelit altar of Ignis.
 58872 | Zot:4    | Noticed an orb of fire
 58874 | Zot:4    | Lost mutation: You are very robust. (+20% HP) [an orb of
                  | fire]
 58875 | Zot:4    | Gained mutation: Your magical capacity is low. (-10% MP)
                  | [an orb of fire]
 58888 | Zot:4    | Killed an orb of fire
 59943 | Zot:5    | Entered Level 5 of the Realm of Zot
 59966 | Zot:5    | Noticed an orb of fire
 59970 | Zot:5    | Killed an orb of fire
 60224 | Zot:5    | Found the +7 Spriggan's Knife {stab, EV+4 Stlth+}
 60373 | Zot:5    | Reached skill level 22 in Shields
 60471 | Zot:5    | Noticed an ancient lich
 60500 | Zot:5    | Noticed an orb of fire
 60507 | Zot:5    | Noticed a Killer Klown
 60574 | Zot:5    | Killed an ancient lich
 60767 | Zot:5    | Gained mutation: You are clumsy. (Dex -2) [an orb of fire]
 60775 | Zot:5    | Gained mutation: Your magical capacity is very low. (-20%
                  | MP) [an orb of fire]
 60779 | Zot:5    | Killed an orb of fire
 60792 | Zot:5    | Noticed an orb of fire
 60800 | Zot:5    | Killed an orb of fire
 60845 | Zot:5    | Noticed an orb of fire
 60846 | Zot:5    | Gained mutation: You do not regenerate when monsters are
                  | visible. [an orb of fire]
 60854 | Zot:5    | Noticed a Killer Klown
 60855 | Zot:5    | Killed an orb of fire
 60920 | Zot:5    | Noticed an orb of fire
 60921 | Zot:5    | Killed a Killer Klown
 60923 | Zot:5    | Lost mutation: You are partially covered in large bone
                  | plates. (SH +4) [potion of mutation]
 60923 | Zot:5    | Lost mutation: You have large cloven feet. [potion of
                  | mutation]
 60923 | Zot:5    | Lost mutation: You expend magic power (3 MP) to strengthen
                  | your wands. [potion of mutation]
 60924 | Zot:5    | Lost mutation: You are weak. (Str -2) [potion of mutation]
 60924 | Zot:5    | Lost mutation: You do not regenerate when monsters are
                  | visible. [potion of mutation]
 60924 | Zot:5    | Gained mutation: Your system is resistant to poisons.
                  | (rPois) [potion of mutation]
 61130 | Zot:5    | Killed a Killer Klown
 61145 | Zot:5    | Killed an orb of fire
 61321 | Zot:5    | Noticed an ancient lich
 61321 | Zot:5    | Noticed an ancient lich
 61327 | Zot:5    | Killed an ancient lich
 61331 | Zot:5    | Noticed a dread lich
 61332 | Zot:5    | Killed an ancient lich
 61337 | Zot:5    | Killed a dread lich
 61683 | Hell     | Entered the Vestibule of Hell
 61683 | Hell     | Noticed Geryon
 61706 | Hell     | Killed Geryon
 61997 | Hell     | Found a gateway to the Iron City of Dis.
 62085 | Hell     | Found a gateway to the ashen valley of Gehenna.
 62279 | Hell     | Found a gateway to the decaying netherworld of Tartarus.
 62322 | Hell     | Found a gateway to the freezing wastes of Cocytus.
 62553 | Depths:3 | Voluntarily entered the Abyss.
 62570 | Abyss:1  | Found a corrupted altar of Lugonu.
 62591 | Abyss:1  | Reached skill level 23 in Shields
 62764 | Abyss:1  | Found a sparkling altar of Nemelex Xobeh.
 63461 | Abyss:3  | Reached skill level 15 in Spellcasting
 63530 | Abyss:3  | Got an abyssal rune of Zot
 63545 | Depths:3 | Escaped the Abyss
 63846 | Vaults:5 | Entered Level 5 of the Vaults
 63856 | Vaults:5 | Noticed an ancient lich
 63876 | Vaults:5 | Noticed an ancient lich
 63876 | Vaults:5 | Identified the +11 orcbow of Vibi {drain, *Corrode Int+4
                  | Stlth+}
 63898 | Vaults:4 | Learned a level 8 spell: Infestation
 64072 | Vaults:5 | Noticed a dread lich
 64075 | Vaults:5 | Killed an ancient lich
 64158 | Vaults:4 | You are sucked into a shaft and drop 1 floor!
 64159 | Vaults:5 | Found the +3 greatsling "Punk" {acid, rCorr}
 64159 | Vaults:5 | Noticed Bai Suzhen
 64172 | Vaults:5 | Killed Bai Suzhen
 64201 | Vaults:5 | Learned a level 1 spell: Apportation
 64270 | Vaults:5 | Got Wipacog's Omnibus of the Productive Pyre
 64448 | Vaults:5 | Noticed a dread lich
 64455 | Vaults:5 | Killed a dread lich
 64669 | Vaults:5 | Noticed a dread lich
 64680 | Vaults:5 | Killed an ancient lich
 64681 | Vaults:5 | Killed a dread lich
 64707 | Vaults:5 | Identified the ring "Ylluvakk" {Wiz rF+}
 64745 | Vaults:5 | Identified the +11 short sword "Spiderbane" {elec, *Corrode
                  | +Blink rPois}
 64745 | Vaults:5 | Identified the amulet "Vuocwitz" {rF+ Regen+ Int+3}
 64829 | Vaults:5 | Killed a dread lich
 64830 | Vaults:5 | Reached skill level 24 in Shields
 65115 | Vaults:5 | Learned a level 6 spell: Dispersal
 65124 | Vaults:5 | Learned a level 7 spell: Haunt
 65174 | Vaults:5 | Got a silver rune of Zot
 65559 | Geh:1    | Entered Level 1 of Gehenna
 66107 | Geh:5    | Noticed a juggernaut
 66111 | Geh:5    | Noticed a juggernaut
 66124 | Geh:5    | Killed a juggernaut
 66127 | Geh:5    | Killed a juggernaut
 66132 | Geh:5    | Noticed a juggernaut
 66135 | Geh:5    | Killed a juggernaut
 66135 | Geh:5    | Noticed a juggernaut
 66138 | Geh:5    | Killed a juggernaut
 66141 | Geh:5    | Noticed a juggernaut
 66143 | Geh:5    | Killed a juggernaut
 66146 | Geh:5    | Noticed a juggernaut
 66151 | Geh:5    | Killed a juggernaut
 66152 | Geh:5    | Noticed a juggernaut
 66154 | Geh:5    | Killed a juggernaut
 66154 | Geh:5    | Noticed a juggernaut
 66155 | Geh:5    | Noticed a juggernaut
 66157 | Geh:5    | Killed a juggernaut
 66158 | Geh:5    | Killed a juggernaut
 66165 | Geh:5    | Noticed a juggernaut
 66170 | Geh:5    | Killed a juggernaut
 66438 | Geh:7    | Entered Level 7 of Gehenna
 66875 | Geh:7    | Identified the +6 spear of the Burning Stork {flame, rC+
                  | Will+ Int+3 Dex+3}
 67111 | Geh:7    | Reached skill level 25 in Shields
 67676 | Geh:7    | Found the +13 sceptre of Asmodeus
 67676 | Geh:7    | Noticed Asmodeus
 67689 | Geh:7    | Killed Asmodeus
 67701 | Geh:7    | Got an obsidian rune of Zot
 67835 | Tar:1    | Entered Level 1 of Tartarus
 69436 | Tar:7    | Entered Level 7 of Tartarus
 69775 | Tar:7    | Reached skill level 26 in Shields
 69915 | Tar:7    | Identified the +7 war axe "Boehoheb" {venom, rPois Dex+4}
 70069 | Tar:7    | Noticed an ancient lich
 70073 | Tar:7    | Killed an ancient lich
 70075 | Tar:7    | Found the ring of the Hare {EV+10}
 70246 | Tar:7    | Noticed a dread lich
 70250 | Tar:7    | Killed a dread lich
 70616 | Tar:7    | Noticed an ancient lich
 70622 | Tar:7    | Noticed a dread lich
 70623 | Tar:7    | Killed an ancient lich
 70630 | Tar:7    | Killed a dread lich
 70645 | Tar:7    | Identified the +2 helmet of Weukk {Will++}
 70719 | Tar:7    | Noticed Ereshkigal
 70765 | Tar:7    | HP: 6/205 [Tzitzimitl/bolt of negative energy[Ereshkigal]
                  | (15)]
 70772 | Tar:7    | Killed from afar by a Tzitzimitl

Illustrated notes

Levels and vault maps discovered:
D:1:      dpeg_arrival_tiny_c, layout_loops_ring, serial_shops, shop
D:2:      layout_basic, basic_altar, uniq_jessica, uniq_terence,
          uniq_crazy_yiuf_cottage
D:3:      cheibrodos_thug_alley, layout_basic
D:4:      layout_basic, lemuel_tele_altar, serial_shops, shop,
          gammafunk_ghost_split, uniq_blork_the_orc, uniq_eustachio
D:5:      layout_layer_cave, nicolae_qazlal_general_emergency, grunt_decor_cap
D:6:      layout_cave_pods, minmay_temple_entry_fiery, serial_shops, shop
D:7:      layout_rooms, mainiacjoe_overflow_big_doors, serial_shops, shop
D:8:      layout_basic
D:9:      layout_layer_cave, david_orc_1_choice, enter_bailey_5,
          hangedman_glass_teeth
D:10:     layout_stronghold, nrook_pool_corridor
D:11:     layout_rooms, lair_entry_dummy
D:12:     nzn_motion_control, layout_basic, serial_shops, shop,
          nicolae_shop_hallway_plus
D:13:     layout_irregular_city, skrybe_vaults_entry_preservation, serial_shops,
          shop, elyvilon_altar_3, uniq_jorgrun, uniq_urug
D:14:     layout_roguey
D:15:     hellmonk_depths_entry_around_the_bend, layout_basic, vehumet_crystals,
          minivault_25_ag, uniq_josephine
Temple:   nicolae_temple_two_arcs
Lair:1:   layout_loops_ring, gauntlet_entry_generic,
          chequers_serial_rivers_room_b, serial_bayou_shore_b,
          infiniplex_staircase_pool_2
Lair:2:   layout_loops_ring, spider_nest_entry_web_field,
          nicolae_lair_lakeside_cave
Lair:3:   layout_regular_city, minmay_swamp_entry_wisps,
          portal_ice_cave_entry_pillars_1, ebering_ghost_reflecting_pool,
          grunt_megastairs_1, uniq_kirke
Lair:4:   layout_cave_shapes, slime_entry_1
Lair:5:   hangedman_lair_tendril_chambers, layout_misc_corridors, wormcave,
          basic_altar, serial_bayou_shore_b, serial_bayou_shore_b
Swamp:1:  layout_falls_marsh, gammafunk_ghost_hydra_chop,
          nicolae_swamp_stuck_in_the_mud, swamp_pool_1_2
Swamp:2:  layout_basic_swamp, evilmike_swamp_ruin_house_2, uniq_donald
Swamp:3:  nicolae_swamp_husk_halls, layout_falls_marsh,
          nicolae_swamp_small_spring
Swamp:4:  swamp_fiery, layout_basic_swamp, swamp_pool_1_2
Spider:1: gammafunk_sealed_arena, hangedman_spider_mandibles
Spider:2: layout_spider_delve
Spider:3: layout_chambers, hangedman_spider_tarantella_strand
Spider:4: johnstein_spider_rune_arachne_lair, drop_trap, uniq_arachne
Slime:1:  layout_caves
Slime:2:  layout_caves
Slime:3:  layout_caves, nicolae_slime_round_cave
Slime:4:  layout_caves, cheibrodos_slime_lost_civilization_6
Slime:5:  slime_pit_nicolae_amoeboid
Orc:1:    layout_diamond_mine, nicolae_shop_firing_range
Orc:2:    kennysheep_orc_mage_school, layout_caves, basic_altar,
          okawaru_metal_pillars_1_2
Elf:1:    layout_rooms, hangedman_elf_disciples, david_defended_altar_elf
Elf:2:    elven_hall_of_blades_hangedman_original [nicolae_blade_lattice],
          layout_gridlike, serial_shops, nicolae_shop_tiny_glass,
          chequers_hall_statues_corner_a, uniq_norris
Elf:3:    minmay_elf_hall_curves, layout_geoelf_octagon, uniq_roxanne,
          uniq_nikola
Vaults:1: nicolae_vaults_tetromino_Z_2, nicolae_vaults_swerve,
          nicolae_vaults_wine_cellar, nicolae_vaults_more_shelving_2,
          ontoclasm_vaults_spin, vaults_room_corners, v_rooms_4,
          nicolae_vaults_storage_room_statues, layout_vaults_chaotic_city
Vaults:2: hangedman_vaults_maws, nicolae_vaults_trapezoid_4,
          minmay_crypt_entry_necro_gods, hangedman_vaults_restitches,
          hangedman_vaults_unwind, nicolae_vaults_door_testing_chamber,
          nicolae_vaults_circle_grid_b, nicolae_vaults_trapezoid_3,
          vaults_dpeg_spiral, nicolae_vaults_trapezoid_lopsided_4,
          ontoclasm_vaults_eye, grunt_vaults_hallway_long,
          nicolae_vaults_tetromino_T_1, nicolae_vaults_rhombus_6,
          nicolae_vaults_more_shelving_1, layout_vaults_omnicross, serial_shops,
          nicolae_square_shop, uniq_boris
Vaults:3: ploomutoo_gammafunk_ghost_potion_laboratory, v_pattern_4,
          vaults_standard_mumra_x, nicolae_vaults_house_1,
          vaults_room_grunt_arrival_checkpoint, hangedman_vaults_snaps,
          v_rooms_2, nicolae_vaults_closet_pinwheel_6,
          vaults_dpeg_emergency_exit, nicolae_vaults_house_1, vaults_dpeg_ring,
          layout_vaults_omnigrid
Vaults:4: ontoclasm_vaults_pinch, nicolae_vaults_house_3,
          hangedman_vaults_corner_blocks, nicolae_vaults_yaktaur_gun_rack,
          v_pattern_1, gammafunk_its_a_trap, nicolae_vaults_circle_grid_a,
          v_rooms_3, vaults_room_door_hall, nicolae_vaults_closet_pinwheel_5,
          nicolae_vaults_what_the_h, nicolae_vaults_house_3,
          nicolae_vaults_tetromino_T_1, nicolae_vaults_trapezoid_lopsided_4,
          nicolae_vaults_tetromino_T_1, layout_vaults_maze
Vaults:5: serial_shops, uniq_bai_suzhen
Crypt:1:  layout_chaotic_city, grunt_megastairs_3, grunt_crypt_arrival_webbed,
          uniq_sojobo, uniq_zenata, uniq_frederick
Crypt:2:  layout_chaotic_city
Crypt:3:  david_glass_crypt, layout_gridlike, nicolae_tomb_entry_rubble_hallway,
          uniq_mennas
Tomb:1
Depths:1: layout_basic, enter_ziggurat_a, gammafunk_ghost_berserking_beasts,
          abyss_entry, hell_entry, amcnicky_mini_rare_corridor_liquid,
          minmay_fountain_box, minivault_1, kennysheep_boxes
Depths:2: thingy_vault_2, layout_basic, hellmouth_1, rand_demon_pan_entry_5,
          abyss_entry, minmay_shop_star, uniq_vv, uniq_saint_roka
Depths:3: minmay_the_grid_octo_tiled_octocenter_mashed
          [minmay_the_grid_octo_thin_diamonds, minmay_the_grid_octo_horde,
          minmay_the_grid_octo_fat_diamond, minmay_the_grid_octo_fan_narrow,
          minmay_the_grid_octo_prize_ultimate_mussel_roller,
          minmay_the_grid_square_5x5_mess, minmay_the_grid_square_5x5_two_small,
          minmay_the_grid_square_5x5_longway,
          minmay_the_grid_square_5x5_bracketed], layout_honeycomb, hell_entry,
          kennysheep_nub, abyss_entry
Depths:4: grunt_zot_entry_gee_three, layout_long_grid,
          grunt_hell_entry_dis_grunt, serial_rivers,
          chequers_serial_rivers_small_a, chequers_serial_rivers_micro_e,
          chequers_serial_rivers_large_a, chequers_serial_rivers_micro_d,
          chequers_serial_rivers_room_b, minmay_misc_feat_square, serial_shops,
          shop
Hell
Geh:1:    layout_gehenna_pools_triple
Geh:2:    layout_gehenna_lava_caves
Geh:3:    layout_gehenna_lava_caves
Geh:4:    layout_gehenna_lava_caves
Geh:5:    nicolae_hells_titanomachy
Geh:6:    layout_gehenna_pools_box
Geh:7:    geh_hangedman
Tar:1:    layout_catacombs, nicolae_tar_cuneiform_three
Tar:2:    layout_honeycomb, nicolae_tar_grid_combs
Tar:3:    layout_grid_maze
Tar:4:    layout_grid_maze
Tar:5:    layout_cathedral_of_symmetry, nicolae_tar_four_comb_rooms
Tar:6:    layout_grid_maze
Tar:7:    tar_grunt_cathedral
Zot:1:    layout_gridville, hangedman_player_shredder
Zot:2:    layout_misc_corridors, regret_index_zotdec_onion_hex,
          regret_index_zotdec_silver_v_v_orig_slice, drop_trap, uniq_josephina
Zot:3:    regret_index_infernal_bastille, layout_twisted_circle
Zot:4:    layout_gridlike, grunt_megastairs_2
Zot:5:    layout_gridville, grunt_megastairs_4

Skill      XL: |  1  2  3  4  5  6  7  8  9 10 11 12 13 14 15 16 17 18 19 20 21 22 23 24 25 26 27 |
---------------+----------------------------------------------------------------------------------+-----
Dodging        | 2 3 4 5 |  5.0
Maces & Flails | 3 4 5 6 8 9 11 12 | 12.5
Armour         | 2 3 4 6 7 8 9 10 11 12 13 14 15 16 17 18 19 24 | 24.4
Fighting       | 3 4 5 6 7 8 9 10 11 12 13 14 15 16 17 18 19 24 | 24.4
Translocations | 3 4 5 6 7 8 9 10 11 12 13 14 | 14.0
Invocations    | 2 5 6 8 9 10 11 12 13 14 15 | 15.0
Shields        | 4 6 8 10 11 12 13 14 15 16 17 18 19 20 26 | 26.5
Polearms       | 5 7 9 11 12 13 14 15 16 17 18 19 | 19.2
Necromancy     | 3 5 6 8 10 11 12 13 14 23 | 23.3
Spellcasting   | 3 5 7 8 9 10 11 19 | 19.5
Summonings     | 3 7 9 11 14 | 14.4
Earth Magic    | 4 5 |  5.0
Hexes          | 4 5 |  5.0
Throwing       | |  1.0

Action                     |  1- 3 |  4- 6 |  7- 9 | 10-12 | 13-15 | 16-18 | 19-21 | 22-24 | 25-27 || total
---------------------------+-------+-------+-------+-------+-------+-------+-------+-------+-------++-------
  Melee: Mace              |   106 |    55 |       |       |       |       |       |       |       ||   161
         Punch             |     1 |       |     3 |     1 |       |       |       |       |       ||     5
         Whip              |       |    45 |   159 |       |       |       |       |       |       ||   204
         Morningstar       |       |       |   142 |   408 |   352 |       |       |       |       ||   902
         Trishula          |       |       |       |       |   752 |  1355 |  1735 |  1581 |  4481 ||  9904
         Unarmed           |       |       |       |       |     6 |       |       |       |       ||     6
  Throw: Stone             |     2 |     2 |       |       |       |       |       |       |       ||     4
         Dart              |       |       |     3 |     8 |       |       |       |       |       ||    11
         Boomerang         |       |       |       |     3 |       |       |       |       |       ||     3
         Throwing net      |       |       |       |       |       |     1 |       |       |       ||     1
         Javelin           |       |       |       |       |       |       |       |       |     4 ||     4
   Cast: Teleport Other    |       |       |     1 |       |       |       |       |       |       ||     1
         Manifold Assault  |       |       |    18 |    76 |   198 |   309 |   331 |   319 |   989 ||  2240
         Lesser Beckoning  |       |       |       |       |    10 |    25 |    13 |     2 |    30 ||    80
         Passage of Golubr |       |       |       |       |       |     2 |     5 |     5 |     9 ||    21
         Fugue of the Fall |       |       |       |       |       |       |    27 |    22 |     9 ||    58
         Death Channel     |       |       |       |       |       |       |       |    19 |    95 ||   114
         Martyr's Knell    |       |       |       |       |       |       |       |    16 |    62 ||    78
         Dispel Undead     |       |       |       |       |       |       |       |     3 |       ||     3
         Sublimation of Bl |       |       |       |       |       |       |       |     7 |   108 ||   115
         Curse of Agony    |       |       |       |       |       |       |       |     3 |     1 ||     4
         Animate Armour    |       |       |       |       |       |       |       |       |   106 ||   106
         Summon Mana Viper |       |       |       |       |       |       |       |       |    41 ||    41
         Haunt             |       |       |       |       |       |       |       |       |    48 ||    48
         Infestation       |       |       |       |       |       |       |       |       |    38 ||    38
         Apportation       |       |       |       |       |       |       |       |       |    25 ||    25
         Dispersal         |       |       |       |       |       |       |       |       |     1 ||     1
 Invoke: Slouch            |       |       |       |     1 |     5 |     5 |       |     5 |     9 ||    25
         Step From Time    |       |       |       |     1 |     1 |       |     1 |     2 |     2 ||     7
Ability: Dig               |       |       |       |     2 |       |       |       |     1 |     7 ||    10
         Shaft Self        |       |       |       |       |       |       |       |       |     1 ||     1
  Evoke: Wand              |       |       |       |     1 |     3 |     3 |     4 |     3 |     1 ||    15
         Sack of spiders   |       |       |       |       |     1 |       |       |     1 |       ||     2
         Phantom mirror    |       |       |       |       |       |       |       |       |     2 ||     2
         Phial of floods   |       |       |       |       |       |       |       |       |     1 ||     1
    Use: Potion            |       |     2 |       |     5 |       |     1 |     1 |     8 |    60 ||    77
         Scroll            |       |     5 |     2 |    10 |     8 |     3 |     3 |     5 |    25 ||    61
   Stab: Sleeping          |     1 |     1 |     2 |     1 |       |       |       |       |       ||     5
         Distracted        |       |       |       |       |     1 |       |     2 |     4 |    45 ||    52
         Held in net/web   |       |       |       |       |       |     2 |       |       |       ||     2
         Invisible         |       |       |       |       |       |     1 |       |     2 |     3 ||     6
 Armour: Leather armour    |    69 |    36 |       |       |       |       |       |       |       ||   105
         Chain mail        |       |    40 |    20 |       |       |       |       |       |       ||    60
         Scale mail        |       |       |    71 |    16 |     8 |       |       |       |       ||    95
         Steam dragon scal |       |       |   112 |   157 |       |       |       |       |       ||   269
         Skin              |       |       |       |     9 |     3 |       |       |       |       ||    12
         Storm dragon scal |       |       |       |       |   193 |   462 |   337 |   386 |   343 ||  1721
         Ice dragon scales |       |       |       |       |    56 |       |    18 |       |   131 ||   205
         Gold dragon scale |       |       |       |       |       |       |       |       |   936 ||   936
  Dodge: Dodged            |    70 |    49 |   184 |   194 |   210 |   281 |   178 |   154 |   645 ||  1965
  Block: Kite shield       |       |       |       |    61 |   452 |   652 |   683 |   610 |  2059 ||  4517
